 Dungeon Crawl Stone Soup version 0.29.1-2-gbd0b4ee654 (webtiles) character file.

Game seed: 661499562585492591

171 zeram the Covered (level 5, -2/40 HPs)
             Began as a Djinni Fighter on Nov 10, 2022.
             Slain by an elf zombie (6 damage)
             ... in an ossuary.
             The game lasted 00:08:16 (3108 turns).

zeram the Covered (Djinni Fighter)                  Turns: 3108, Time: 00:08:17

Health: -2/40      AC: 11    Str: 15    XL:     5   Next: 81%
Gold:   152        EV:  9    Int: 12    God:
                   SH:  4    Dex: 12

rFire   + + .      SeeInvis +   a - +1 long sword
rCold   x . .      Faith    .   c - +0 buckler
rNeg    . . .      Spirit   .   b - +0 scale mail
rPois   ∞          Reflect  .   (no helmet)
rElec   .          Harm     .   (no cloak)
rCorr   .          Rampage  .   (no gloves)
Will    +....      Rnd*Tele +   (boots unavailable)
Stlth   ..........              (no amulet)
HPRegen 0.13/turn               i - ring of see invisible
MPRegen 0.00/turn               h - +4 ring of protection

@: flying
A: sickness immunity, fire resistance 2, cold vulnerability 1, float, innate
caster, HP casting, extra vitality 1, strong-willed 1, teleportitis 1
a: no special abilities


You were in an ossuary.
You visited 1 branch of the dungeon, and saw 4 of its levels.
You also visited: Ossuary.

You collected 152 gold pieces.

Inventory:

Hand Weapons
 a - a +1 long sword (weapon)
Armour
 b - a +0 scale mail (worn)
 c - a +0 buckler (worn)
Jewellery
 h - a +4 ring of protection (right hand)
 i - a ring of see invisible (left hand)
Scrolls
 g - 4 scrolls of silence
Potions
 e - a potion of resistance
 j - 2 potions of brilliance
 l - a potion of mutation


   Skills:
 - Level 3.0 Fighting
 + Level 3.7 Long Blades
 + Level 3.8 Armour
 + Level 1.4 Dodging
 + Level 3.7 Shields


You had one spell level left.
You knew the following spells:

 Your Spells              Type           Power      Damage    Failure   Level
a - Slow                  Hex            0%         N/A       85%         1
b - Blink                 Tloc           0%         N/A       94%         2
Your spell library was empty.

Dungeon Overview and Level Annotations

Branches:
Dungeon (4/15)            Ossuary (1/1)
 Temple: D:4-7

Altars:

Shops:
D:1 (


Innate Abilities, Weirdness & Mutations

You are immune to sickness and miasma.
You are immune to poison.
Your flesh is very heat resistant. (rF++)
You are vulnerable to cold. (rC-)
You float through the air rather than walking.
You learn spells naturally, not from books.
Your magical power is your life essence.
You have superior vitality. (+4 MHP)
You are strong-willed. (Will+)
You are occasionally teleported next to monsters.


Message History

The rat zombie is severely damaged.
The rat zombie bites you but does no damage.
You hit the rat zombie.
You destroy the rat zombie!
The kobold zombie closely misses you.
You hit the kobold zombie.
The kobold zombie is severely damaged.
The kobold zombie hits you but does no damage. x2
You slash the kobold zombie!
You destroy the kobold zombie!
The orc zombie hits you but does no damage.
You slash the orc zombie!
The orc zombie is almost destroyed.
You block the orc zombie's attack. The goblin zombie hits you.
You hit the orc zombie.
You destroy the orc zombie!
The mummy hits you!
The goblin zombie hits you but does no damage.
Unknown command.
You hit the goblin zombie.
The goblin zombie is lightly damaged.
The goblin zombie barely misses you. The mummy closely misses you.
You slash the goblin zombie!
You destroy the goblin zombie!
You hit the mummy but do no damage. The mummy closely misses you.
You hit the mummy but do no damage. The mummy hits you but does no damage.
You slash the mummy!
The mummy is moderately damaged.
The mummy hits you.
* * * LOW HITPOINT WARNING * * *
You hit the mummy.
The mummy is heavily damaged.
You barely miss the mummy.
The mummy is heavily damaged.
The mummy hits you.
* * * LOW HITPOINT WARNING * * *
Unknown command.
The orc zombie hits you but does no damage.
The elf zombie hits you.
You die...

#.....∩.# #...#
#.......# #...#
#.....ZZ# #...#
#.......####.#...#
#............#...#
#.####..####.#...#
# #..# #...# #
#..# #..Z#
######..######..@#
............M..Z.#
.....8..8........#
.....Z...........#
.................#
##################


You could see a mummy, an orc zombie and an elf zombie.

Vanquished Creatures
  A centaur zombie (Ossuary)
  A human zombie (Ossuary)
  2 adders
  5 adder zombies (Ossuary)
  A dart slug (D:3)
  A worm (D:3)
  An orc (D:3)
  2 endoplasms
  3 giant cockroaches (D:1)
  5 hobgoblins
  2 jackals (D:2)
  2 quokkas (D:3)
  4 ball pythons
  5 bats
  2 frilled lizards
  7 goblins
  A goblin zombie (Ossuary)
  9 hobgoblin zombies (Ossuary)
  A kobold (D:2)
  7 kobold zombies (Ossuary)
  8 orc zombies (Ossuary)
  9 rats
  A rat zombie (Ossuary)
80 creatures vanquished.

Vanquished Creatures (collateral kills)
  A rat (D:3)
1 creature vanquished.

Grand Total: 81 creatures vanquished

Notes
Turn   | Place    | Note
-------+----------+-------------------------------------------
     0 | D:1      | zeram the Djinni Fighter began the quest for the Orb.
     0 | D:1      | Reached XP level 1. HP: 20/20 MP: 0/0
    18 | D:1      | Found Qaotix's Weapon Shop.
    88 | D:1      | Reached XP level 2. HP: 25/25 MP: 0/0
   273 | D:1      | Found a faded altar of an unknown god.
   941 | D:2      | Reached XP level 3. HP: 29/30 MP: 0/0
   941 | D:2      | Learned a level 1 spell: Slow
  1816 | D:3      | Reached XP level 4. HP: 16/35 MP: 0/0
  1820 | D:3      | Identified the +1 ring mail of Devotion {rN+ Str+2 Int+4
                  | Slay-5}
  2754 | D:4      | Found a sand-covered staircase.
  2762 | Ossuary  | Entered an ossuary
  2955 | Ossuary  | Gained mutation: You expend health (3 HP) to strengthen
                  | your wands. [potion of mutation]
  2955 | Ossuary  | Gained mutation: You are occasionally teleported next to
                  | monsters. [potion of mutation]
  2955 | Ossuary  | Lost mutation: You expend health (3 HP) to strengthen your
                  | wands. [potion of mutation]
  2955 | Ossuary  | Gained mutation: You are strong-willed. (Will+) [potion of
                  | mutation]
  2962 | Ossuary  | Reached XP level 5. HP: 26/40 MP: 0/0
  2962 | Ossuary  | Learned a level 2 spell: Blink
  2978 | Ossuary  | Reached skill level 1 in Dodging
  3108 | Ossuary  | Slain by an elf zombie

Illustrated notes

Levels and vault maps discovered:
D:1:      nicolae_arrival_memento_mori, layout_basic,
          ebering_ecumenical_altar_rust, serial_shops,
          nicolae_shop_advertising_works [nicolae_subvault_shop_adworks]
D:2:      layout_loops_ring, st_stairs_2
D:3:      layout_basic
D:4:      layout_layer_cave, nicolae_gozag_cash_rules_everything_around_me,
          makhleb_heckhound_becter, lightli_ossuary_entry_decrepit_ruins,
          minmay_misc_feat_nine_boxes, uniq_robin
Ossuary:  ossuary_tomb_1

Skill      XL: |  1  2  3  4  5 |
---------------+----------------+-----
Long Blades    | 2 3 |  3.7
Dodging        | 1 |  1.4
Fighting       | |  3.0
Armour         | |  3.8
Shields        | |  3.7

Action                   |  1- 3 |  4- 6 || total
-------------------------+-------+-------++-------
Melee: Long sword        |   134 |   182 ||   316
  Use: Scroll            |     3 |     6 ||     9
       Potion            |       |     4 ||     4
Armor: Scale mail        |    62 |   116 ||   178
       Skin              |       |    54 ||    54
Dodge: Dodged            |    68 |   101 ||   169
Block: Buckler           |    28 |    60 ||    88
